 Dungeon Crawl Stone Soup version 0.21-a0-525-ga34b322 (webtiles) character file.

409 secretariat the Cudgeler (level 6, -2/38 HPs)
             Began as a Gargoyle Gladiator on Dec 7, 2017.
             Killed by divine providence
             ... invoked by an orc priest
              (14 damage)
             ... on level 5 of the Dungeon.
             The game lasted 00:07:44 (5604 turns).

secretariat the Cudgeler (Gargoyle Gladiator)       Turns: 5604, Time: 00:07:44

Health: -2/38      AC: 15    Str: 19 (20) XL:     6   Next: 89%
Magic:  6/6        EV: 10    Int:  6 (8)  God:
Gold:   219        SH:  0    Dex: 10 (11) Spells: 5/5 levels left

rFire    . . .     SeeInvis .   a - +1 flail
rCold    . . .     Gourm    .   (no shield)
rNeg     + . .     Faith    .   l - -1 scale mail
rPois    ∞         Spirit   .   k - +2 helmet
rElec    +         Reflect  .   n - +0 cloak
rCorr    .         Harm     .   p - +0 pair of gloves
MR       .....                  (no boots)
Stlth    ..........             (no amulet)
HPRegen  0.12/turn              (no ring)
MPRegen  0.10/turn              (no ring)

@: no status effects
A: negative energy resistance 1, electricity resistance, unbreathing,
petrification resistance, rot immunity, AC +4
a: no special abilities


You were on level 5 of the Dungeon.
You were not hungry.

You visited 2 branches of the dungeon, and saw 6 of its levels.

You collected 219 gold pieces.

Inventory:

Hand Weapons
 a - a +1 flail (weapon)
Missiles
 d - 3 throwing nets (quivered)
Armour
 k - a +2 helmet (worn)
 l - a -1 scale mail (worn)
 n - a +0 cloak (worn)
 p - a +0 pair of gloves (worn)
Jewellery
 r - an uncursed amulet of magic regeneration {unknown}
 t - a cursed amulet of inaccuracy {unknown}
Wands
 o - a wand of polymorph (17)
 s - a wand of random effects (32)
Scrolls
 g - a scroll of fog
 i - a scroll of enchant weapon
 m - 4 scrolls of remove curse
Potions
 e - 2 potions of curing
 j - 2 potions of heal wounds
Comestibles
 f - 3 bread rations
 h - 4 royal jellies
 q - a meat ration
 v - 2 fruits


   Skills:
 + Level 4.3 Fighting
 * Level 5.7 Maces & Flails
 - Level 1.7 Throwing
 + Level 3.3 Armour
 - Level 2.4 Dodging


You had 5 spell levels left.
You didn't know any spells.

Dungeon Overview and Level Annotations

Branches:
Dungeon (5/15)             Temple (1/1) D:4

Altars:
Ashenzari
Cheibriados
Elyvilon
Gozag
Kikubaaqudgha
Makhleb
Nemelex Xobeh
Qazlal
Ru
Sif Muna
Trog
Uskayaw
Vehumet
Xom
Zin
The Shining One

Annotations:
D:4 Syneil's ghost, amateur TrMo


Innate Abilities, Weirdness & Mutations

You are resistant to torment.
Your stone body is resilient. (AC +4)
You are immune to poison.
You resist negative energy. (rN+)
You are resistant to electric shocks. (rElec)
You can survive without breathing.
You are immune to petrification.
You are immune to rotting.


Message History

The orc wizard hits you but does no damage.
You hit the orc wizard.
The orc wizard is moderately wounded.
The orc wizard barely misses you.
You completely miss the orc wizard.
The orc wizard is moderately wounded.
The orc priest casts a cantrip, but nothing happens.
The orc wizard closely misses you.
You closely miss the orc wizard.
The orc wizard is moderately wounded.
The orc wizard gestures at you while chanting.
The magic dart hits you!
The orc priest invokes the aid of Beogh against you.
Beogh smites you!
The orc wizard mumbles some strange words.
The orc wizard flickers and vanishes!
Deactivating autopickup; reactivate with Ctrl-A.
The orc priest mumbles some strange prayers to Beogh against you.
Beogh smites you!
You die...

#....# #....#
######....#
.......o..#
#######l### #o#
#{# #.# #@# #.#
#.# #.# #.#
#.#############
#.....[.......#
#############.#
#<#


You could see 2 orc priests and a frilled lizard.

Vanquished Creatures
  A crimson imp (D:5)
  2 orc priests
  An iguana (D:2)
  3 orc wizards (D:3)
  A worker ant (D:4)
  4 adders
  An ooze (D:4)
  2 worms
  6 dart slugs
  4 leopard geckos
  17 orcs
  7 bats
  5 giant cockroaches
  9 goblins
  16 hobgoblins
  7 jackals
  A quokka (D:2)
  2 ball pythons (D:4)
  2 ball python skeletons (D:4)
  8 frilled lizards
  6 kobolds
  A leopard gecko skeleton (D:4)
  3 rats
109 creatures vanquished.

Vanquished Creatures (others)
  A frilled lizard (D:3)
1 creature vanquished.

Grand Total: 110 creatures vanquished

Notes
Turn   | Place    | Note
-------+----------+-------------------------------------------
     0 | D:1      | secretariat the Gargoyle Gladiator began the quest for the Orb.
     0 | D:1      | Reached XP level 1. HP: 12/12 MP: 1/1
   147 | D:1      | Reached XP level 2. HP: 16/18 MP: 2/2
   412 | D:1      | Reached skill level 1 in Armour
   712 | D:1      | Reached XP level 3. HP: 12/22 MP: 3/3
  1438 | D:2      | Reached skill level 4 in Maces & Flails
  1440 | D:2      | Reached XP level 4. HP: 22/27 MP: 4/4
  2734 | D:2      | Reached XP level 5. HP: 28/32 MP: 5/5
  2915 | D:3      | Found a sparkling altar of Nemelex Xobeh.
  3998 | D:3      | Reached skill level 5 in Maces & Flails
  4015 | D:3      | Reached XP level 6. HP: 32/38 MP: 6/6
  4592 | D:4      | Found a staircase to the Ecumenical Temple.
  4604 | D:4      | Noticed Syneil's ghost (amateur TrMo)
  4610 | Temple   | Entered the Ecumenical Temple
  5238 | D:4      | Found a glowing silver altar of Zin.
  5503 | D:5      | Entered Level 5 of the Dungeon
  5604 | D:5      | Killed from afar by an orc priest

Vault maps used:
D:1:      shiori_arrival_maze, lemuel_another_geyser
D:3:      marbit_many_paths
D:4:      overflow_temple_1_default, minmay_temple_entry_overgrown, first_bread
D:5:      lemuel_crystal_altar, basic_altar, serial_shops, nicolae_shop_trees,
          grunt_gozag_breadcrumbs, uniq_grinder
Temple:   dpeg_chambers_temple

Skill      XL: |  1  2  3  4  5  6 |
---------------+-------------------+-----
Armour         | 1 2 3 |  3.3
Maces & Flails | 4 5 |  5.7
Fighting       | 3 4 |  4.3
Throwing       | |  1.7
Dodging        | |  2.4

Action                   |  1- 3 |  4- 6 || total
-------------------------+-------+-------++-------
Melee: Flail             |   121 |   261 ||   382
  Use: Scroll            |       |     9 ||     9
       Potion            |       |     3 ||     3
 Stab: Invisible         |       |     1 ||     1
  Eat: Chunk             |     2 |    13 ||    15
Armor: Leather armour    |    67 |    42 ||   109
       Scale mail        |       |   104 ||   104
Dodge: Dodged            |   102 |   135 ||   237

Table legend:
 A = Spawn XP
 B = Non-spawn XP
 C = Spawn XP percentage of total XP
 D = Spawn monster count
 E = Non-spawn monster count
 F = Spawn count percentage of total count
 G = Total turns spent on level
                    A         B        C        D         E        F      G
               +---------+---------+-------+---------+---------+-------+---------
         Total |       0 |     585 |   0.0 |       0 |     109 |   0.0 |  5604
               +---------+---------+-------+---------+---------+-------+---------
           D:1 |       0 |      54 |   0.0 |       0 |      28 |   0.0 |  1327
           D:2 |       0 |     110 |   0.0 |       0 |      29 |   0.0 |  1871
           D:3 |       0 |     233 |   0.0 |       0 |      32 |   0.0 |  1164
           D:4 |       0 |     138 |   0.0 |       0 |      19 |   0.0 |   800
           D:5 |       0 |      50 |   0.0 |       0 |       1 |   0.0 |   101
               +---------+---------+-------+---------+---------+-------+---------
